HSSL
SHELBY HS ROCKETS @ JACKSON HS SWAMP BATS
04/15/2027
 
TOP OF THE 1ST
Shelby HS Rockets batting - Pitching for Jackson HS Swamp Bats : RHP Jack Bowden
Pitching: RHP Jack Bowden
Batting: RHB Phil Stephens 0-0: Called Strike
0-1: Ball
1-1: Fly out, F8 (Flyball, 8RS)
Batting: RHB Jorge Solís 0-0: Ball
1-0: Ball
2-0: Foul Ball, location: 2F
2-1: Ball
3-1: Base on Balls
Batting: SHB Simon Spencer 0-0: Called Strike
0-1: Foul Ball, location: 2F
0-2: Ball
1-2: Ball
2-2: Ball
3-2: Foul Ball, location: 2F
3-2: Fly out, F2 (Popup, 3S)
Batting: LHB Bill Handy 0-0: Ball
1-0: Foul Ball, location: 2F
1-1: Called Strike
1-2: Ball
2-2: Ball
3-2: Foul Ball, location: 2F
3-2: DOUBLE (Line Drive, 8RD)
Jorge Solís to third
Jorge Solís scores
Batting: RHB Jorge Pacheco 0-0: Called Strike
0-1: Foul Ball, location: 2F
0-2: Foul Ball, location: 2F
0-2: Ball
1-2: Fly out, F5 (Popup, 5D)
Top of the 1st over - 1 run(s), 1 hit(s), 0 error(s), 1 left on base; Shelby HS 1 - Jackson HS 0
BOTTOM OF THE 1ST
Jackson HS Swamp Bats batting - Pitching for Shelby HS Rockets : LHP Ramón Orozco
Pitching: LHP Ramón Orozco
Batting: LHB Brad Fuller 0-0: Called Strike
0-1: Called Strike
0-2: Strikes out swinging
Batting: RHB Ron Frost 0-0: Called Strike
0-1: Called Strike
0-2: Ground out 5-3 (Groundball, 56)
Batting: RHB Julián García 0-0: Swinging Strike
0-1: SINGLE (Line Drive, 56D)
Batting: RHB Anthony O'Bryan 0-0: Ball
1-0: Called Strike
1-1: Foul Ball, location: 2F
1-2: Foul Ball, location: 2F
1-2: Ball
2-2: Ground out 5-3 (Groundball, 25)
Bottom of the 1st over - 0 run(s), 1 hit(s), 0 error(s), 1 left on base; Shelby HS 1 - Jackson HS 0
TOP OF THE 2ND
Shelby HS Rockets batting - Pitching for Jackson HS Swamp Bats : RHP Jack Bowden
Batting: RHB Craig Jensen 0-0: Called Strike
0-1: Called Strike
0-2: Ball
1-2: SINGLE (Groundball, 56D)
Batting: RHB Javier Concepción 0-0: Called Strike
0-1: Ball
1-1: Ball
2-1: Grounds into double play, 5-4-3 (Groundball, 56)
Batting: LHB Bill Williams 0-0: Called Strike
0-1: Called Strike
0-2: Strikes out swinging
Top of the 2nd over - 0 run(s), 1 hit(s), 0 error(s), 0 left on base; Shelby HS 1 - Jackson HS 0
BOTTOM OF THE 2ND
Jackson HS Swamp Bats batting - Pitching for Shelby HS Rockets : LHP Ramón Orozco
Batting: RHB Rafael Barrios 0-0: Foul Ball, location: 2F
0-1: Foul Ball, location: 2F
0-2: Hit by Pitch
Batting: RHB Brendon Bachman 0-0: Foul Ball, location: 2F
0-1: Ball
1-1: Foul Ball, location: 2F
1-2: Foul Ball, location: 2F
1-2: Ground out 4-3 (Groundball, 34)
Rafael Barrios to second
Batting: RHB Ken Case 0-0: Ball
1-0: Foul Ball, location: 2F
1-1: Foul Ball, location: 2F
1-2: Foul Ball, location: 2F
1-2: Strikes out swinging
Batting: RHB Dan Crowder 0-0: Ball
1-0: Foul Ball, location: 2F
1-1: Ball
2-1: Ball
3-1: Foul Ball, location: 2F
3-2: Foul Ball, location: 2F
3-2: Base on Balls
Batting: RHB Brandon Davis 0-0: Called Strike
0-1: Ball
1-1: Ball
2-1: Ball
3-1: Called Strike
3-2: Foul Ball, location: 2F
3-2: Base on Balls
Rafael Barrios to third
Dan Crowder to second
Batting: LHB Brad Fuller 0-0: Called Strike
0-1: Ball
1-1: Foul Ball, location: 2F
1-2: Strikes out looking
Bottom of the 2nd over - 0 run(s), 0 hit(s), 0 error(s), 3 left on base; Shelby HS 1 - Jackson HS 0
TOP OF THE 3RD
Shelby HS Rockets batting - Pitching for Jackson HS Swamp Bats : RHP Jack Bowden
Batting: RHB Jesús López 0-0: Swinging Strike
0-1: Called Strike
0-2: Ball
1-2: Ball
2-2: Strikes out swinging
Batting: RHB Phil Stephens 0-0: Ball
1-0: SINGLE (Groundball, 6M) (infield hit)
Batting: RHB Jorge Solís 0-0: Ball
1-0: Called Strike
1-1: Called Strike
1-2: SINGLE (Flyball, 89S)
Phil Stephens to second
Runner from 2nd tries for 3rd, SAFE, throw made to third
Batting: SHB Simon Spencer 0-0: Foul Ball, location: 2F
0-1: Ball
1-1: Ball
2-1: Swinging Strike
2-2: Foul Ball, location: 2F
2-2: Strikes out swinging
Batting: LHB Bill Handy 0-0: Ball
1-0: Ball
2-0: Called Strike
2-1: Called Strike
2-2: Foul Ball, location: 2F
2-2: Strikes out looking
Top of the 3rd over - 0 run(s), 2 hit(s), 0 error(s), 2 left on base; Shelby HS 1 - Jackson HS 0
BOTTOM OF THE 3RD
Jackson HS Swamp Bats batting - Pitching for Shelby HS Rockets : LHP Ramón Orozco
Batting: RHB Ron Frost 0-0: Ball
1-0: SINGLE (Line Drive, 9S)
Batting: RHB Julián García 0-0: Called Strike
0-1: Ball
1-1: Called Strike
1-2: Ball
2-2: Strikes out swinging
Batting: RHB Anthony O'Bryan 0-0: 2-RUN HOME RUN (Flyball, 78XD), Distance : 400 ft
Batting: RHB Rafael Barrios 0-0: Ball
1-0: Called Strike
1-1: Ball
2-1: SINGLE (Line Drive, 6)
Batting: RHB Brendon Bachman 0-0: Foul Ball, location: 2F
0-1: Ball
1-1: Ball
2-1: 2-RUN HOME RUN (Flyball, 8RXD), Distance : 437 ft
Batting: RHB Ken Case 0-0: Foul Ball, location: 2F
0-1: Called Strike
0-2: Ball
1-2: Foul Ball, location: 2F
1-2: Strikes out looking
Batting: RHB Dan Crowder 0-0: Ball
1-0: Swinging Strike
1-1: Foul Ball, location: 2F
1-2: Strikes out swinging
Bottom of the 3rd over - 4 run(s), 4 hit(s), 0 error(s), 0 left on base; Shelby HS 1 - Jackson HS 4
TOP OF THE 4TH
Shelby HS Rockets batting - Pitching for Jackson HS Swamp Bats : RHP Jack Bowden
Batting: RHB Jorge Pacheco 0-0: Ball
1-0: Ball
2-0: Ball
3-0: Base on Balls
Batting: RHB Craig Jensen 0-0: Ball
1-0: Ball
2-0: Ball
3-0: Base on Balls
Jorge Pacheco to second
Batting: RHB Javier Concepción 0-0: Ball
1-0: Called Strike
1-1: Ball
2-1: Ball
3-1: Foul Ball, location: 2F
3-2: SINGLE (Line Drive, 6MD)
Jorge Pacheco to third
Craig Jensen to second
Runner from 3rd tries for Home, SAFE, no throw
Batting: LHB Bill Williams 0-0: Ball
1-0: SINGLE (Groundball, 56D)
Craig Jensen to third
Javier Concepción to second
Batting: RHB Jesús López 0-0: Ball
1-0: Ball
2-0: Called Strike
2-1: Ball
3-1: Called Strike
3-2: Fly out, F7 (Flyball, 7D)
Runner from 3rd tags up, SCORES, no throw
Pitching: RHP Greg Stone
Batting: RHB Phil Stephens 0-0: Fly out, F8 (Flyball, 8LS)
Batting: RHB Jorge Solís 0-0: Called Strike
0-1: Fielders Choice at 2nd, 4-6 (Groundball, 4)
Top of the 4th over - 2 run(s), 2 hit(s), 0 error(s), 1 left on base; Shelby HS 3 - Jackson HS 4
BOTTOM OF THE 4TH
Jackson HS Swamp Bats batting - Pitching for Shelby HS Rockets : LHP Ramón Orozco
Batting: RHB Brandon Davis 0-0: SINGLE (Flyball, 9LS)
Batting: LHB Brad Fuller 0-0: Ball
1-0: Swinging Strike
1-1: Ball
Wild Pitch!
Brandon Davis to second
2-1: Fly out, F6 (Line Drive, 6)
Batting: RHB Ron Frost 0-0: Ball
1-0: Foul Ball, location: 2F
1-1: Ball
2-1: Reached on error, E4 (Groundball, 4)
Brandon Davis to third
Batting: RHB Julián García 0-0: Ball
1-0: Foul Ball, location: 2F
1-1: Ball
2-1: Called Strike
2-2: Strikes out looking
Pitching: RHP Jason Willis
Batting: RHB Anthony O'Bryan Balk!
Brandon Davis scores
Ron Frost to second
0-0: Foul Ball, location: 2F
0-1: Ground out 6-3 (Groundball, 6)
Bottom of the 4th over - 1 run(s), 1 hit(s), 1 error(s), 1 left on base; Shelby HS 3 - Jackson HS 5
TOP OF THE 5TH
Shelby HS Rockets batting - Pitching for Jackson HS Swamp Bats : RHP Greg Stone
Batting: SHB Simon Spencer 0-0: Called Strike
0-1: Ball
1-1: Foul Ball, location: 2F
1-2: Foul Ball, location: 2F
1-2: Foul Ball, location: 2F
1-2: Ball
2-2: Ball
3-2: Reached on error, E4 (Groundball, 34)
Batting: LHB Bill Handy 0-0: Foul Ball, location: 2F
0-1: Called Strike
0-2: Strikes out looking
Batting: RHB Jorge Pacheco 0-0: Foul Ball, location: 2F
0-1: Ball
1-1: Ball
2-1: Foul Ball, location: 2F
2-2: Foul Ball, location: 2F
2-2: SINGLE (Flyball, 4MD)
Simon Spencer to second
Runner from 2nd tries for 3rd, SAFE, throw made to third
Batting: RHB Craig Jensen 0-0: Ball
Jorge Pacheco is caught stealing 2nd base
1-0: Called Strike
1-1: Ball
2-1: Ball
3-1: Swinging Strike
3-2: Strikes out swinging
Top of the 5th over - 0 run(s), 1 hit(s), 1 error(s), 1 left on base; Shelby HS 3 - Jackson HS 5
BOTTOM OF THE 5TH
Jackson HS Swamp Bats batting - Pitching for Shelby HS Rockets : RHP Jason Willis
Batting: RHB Rafael Barrios 0-0: Fly out, F9 (Flyball, 9LMF)
Batting: RHB Brendon Bachman 0-0: Called Strike
0-1: Foul Ball, location: 2F
0-2: Fly out, F9 (Line Drive, 9)
Batting: RHB Ken Case 0-0: Foul Ball, location: 2F
0-1: Fly out, F6 (Popup, 6)
Bottom of the 5th over - 0 run(s), 0 hit(s), 0 error(s), 0 left on base; Shelby HS 3 - Jackson HS 5
TOP OF THE 6TH
Shelby HS Rockets batting - Pitching for Jackson HS Swamp Bats : RHP Greg Stone
Batting: RHB Javier Concepción 0-0: Ball
1-0: Called Strike
1-1: SINGLE (Flyball, 78S)
Batting: LHB Bill Williams 0-0: Ball
1-0: Foul Ball, location: 2F
1-1: Ball
2-1: Ball
3-1: Base on Balls
Javier Concepción to second
Batting: RHB Jesús López 0-0: Ball
1-0: Ball
2-0: Ball
3-0: Base on Balls
Javier Concepción to third
Bill Williams to second
Batting: RHB Phil Stephens 0-0: Ball
1-0: Ball
2-0: Called Strike
2-1: Swinging Strike
2-2: Foul Ball, location: 2F
2-2: Ball
3-2: SINGLE (Line Drive, 7S)
Javier Concepción scores
Bill Williams to third
Jesús López to second
Runner from 3rd tries for Home, SAFE, throw made home
Jesús López to third
Phil Stephens to second
Pitching: RHP Tom Taylor
Batting: RHB Jorge Solís 0-0: Called Strike
0-1: Swinging Strike
0-2: SINGLE (Groundball, 34D)
Jesús López scores
Phil Stephens to third
Runner from 3rd tries for Home, SAFE, no throw
Batting: SHB Simon Spencer 0-0: Foul Ball, location: 2F
0-1: Ball
1-1: Ball
2-1: Foul Ball, location: 2F
2-2: Ball
3-2: Foul Ball, location: 2F
3-2: Grounds into double play, 5-4-3 (Groundball, 56)
Batting: LHB Bill Handy 0-0: Called Strike
0-1: Called Strike
0-2: Strikes out looking
Top of the 6th over - 4 run(s), 3 hit(s), 0 error(s), 0 left on base; Shelby HS 7 - Jackson HS 5
BOTTOM OF THE 6TH
Jackson HS Swamp Bats batting - Pitching for Shelby HS Rockets : RHP Jason Willis
Batting: RHB Dan Crowder 0-0: Called Strike
0-1: Ball
1-1: Ball
2-1: Foul Ball, location: 2F
2-2: Foul Ball, location: 2F
2-2: Ball
3-2: Base on Balls
Batting: RHB Brandon Davis 0-0: Ball
Dan Crowder is caught stealing 2nd base
1-0: Foul Ball, location: 2F
1-1: Foul Ball, location: 2F
1-2: Ball
2-2: Ball
3-2: Fly out, F6 (Line Drive, 6)
Batting: LHB Brad Fuller 0-0: Ball
1-0: Swinging Strike
1-1: Called Strike
1-2: Strikes out swinging
Bottom of the 6th over - 0 run(s), 0 hit(s), 0 error(s), 0 left on base; Shelby HS 7 - Jackson HS 5
TOP OF THE 7TH
Shelby HS Rockets batting - Pitching for Jackson HS Swamp Bats : RHP Tom Taylor
Batting: RHB Jorge Pacheco 0-0: Ball
1-0: Ground out 5-3 (Groundball, 56)
Batting: RHB Craig Jensen 0-0: Ball
1-0: Ball
2-0: Swinging Strike
2-1: Ball
3-1: Base on Balls
Batting: RHB Javier Concepción 0-0: Ball
1-0: Ball
2-0: Ball
3-0: Base on Balls
Craig Jensen to second
Pinch Hitting: RHB Joseph Brown 0-0: Ball
1-0: Ball
2-0: Foul Ball, location: 2F
2-1: Called Strike
2-2: Foul Ball, location: 2F
2-2: Strikes out swinging
Batting: RHB Jesús López 0-0: Ball
1-0: Ball
2-0: Called Strike
2-1: Fly out, F2 (Popup, 25)
Top of the 7th over - 0 run(s), 0 hit(s), 0 error(s), 2 left on base; Shelby HS 7 - Jackson HS 5
BOTTOM OF THE 7TH
Jackson HS Swamp Bats batting - Pitching for Shelby HS Rockets : RHP Jason Willis
Now in RF: Robbie Weatherdon
Batting: RHB Ron Frost 0-0: Ball
1-0: Foul Ball, location: 2F
1-1: Ball
2-1: Ground out 6-3 (Groundball, 6M)
Batting: RHB Julián García 0-0: Called Strike
0-1: Ball
1-1: Ball
2-1: Called Strike
2-2: Foul Ball, location: 2F
2-2: Foul Ball, location: 2F
2-2: Foul Ball, location: 2F
2-2: Ball
3-2: Ground out 6-3 (Groundball, 6)
Batting: RHB Anthony O'Bryan 0-0: Ball
1-0: Ball
2-0: Ball
3-0: Base on Balls
Batting: RHB Rafael Barrios 0-0: Ball
1-0: Called Strike
1-1: Foul Ball, location: 2F
1-2: SINGLE (Groundball, 6D)
Anthony O'Bryan to second
Batting: RHB Brendon Bachman 0-0: Called Strike
0-1: Ball
1-1: Called Strike
1-2: Ball
2-2: Strikes out looking
Bottom of the 7th over - 0 run(s), 1 hit(s), 0 error(s), 2 left on base; Shelby HS 7 - Jackson HS 5
TOP OF THE 8TH
Shelby HS Rockets batting - Pitching for Jackson HS Swamp Bats : RHP Tom Taylor
Batting: RHB Phil Stephens 0-0: Swinging Strike
0-1: Ball
1-1: Ground out 5-3 (Groundball, 5S)
Batting: RHB Jorge Solís 0-0: Swinging Strike
0-1: Called Strike
0-2: Strikes out swinging
Batting: SHB Simon Spencer 0-0: Foul Ball, location: 2F
0-1: Reached on error, E3 (Groundball, 34S)
Batting: LHB Bill Handy 0-0: Ball
1-0: Called Strike
1-1: Called Strike
1-2: Strikes out looking
Top of the 8th over - 0 run(s), 0 hit(s), 1 error(s), 1 left on base; Shelby HS 7 - Jackson HS 5
BOTTOM OF THE 8TH
Jackson HS Swamp Bats batting - Pitching for Shelby HS Rockets : RHP Jason Willis
Pitching: RHP Mike Cannon
Batting: RHB Ken Case 0-0: Called Strike
0-1: Ball
1-1: Ball
2-1: Foul Ball, location: 2F
2-2: Foul Ball, location: 2F
2-2: Ball
3-2: Foul Ball, location: 2F
3-2: Base on Balls
Batting: RHB Dan Crowder 0-0: Ball
1-0: Fly out, F9 (Flyball, 9S)
Batting: RHB Brandon Davis 0-0: Called Strike
0-1: Ball
1-1: Ball
2-1: Called Strike
2-2: Ball
3-2: Base on Balls
Ken Case to second
Pitching: LHP Robin Bergeron
Batting: LHB Brad Fuller 0-0: Called Strike
0-1: Ball
1-1: Ball
2-1: SINGLE (Line Drive, 8RS)
Ken Case to third
Brandon Davis to second
Pitching: RHP Michael Hutchins
Batting: RHB Ron Frost 0-0: Called Strike
0-1: Foul Ball, location: 2F
0-2: Ball
1-2: Ball
2-2: Strikes out swinging
Batting: RHB Julián García 0-0: Called Strike
0-1: Foul Ball, location: 2F
0-2: Ball
1-2: Ground out 1-3 (Groundball, 13)
Bottom of the 8th over - 0 run(s), 1 hit(s), 0 error(s), 3 left on base; Shelby HS 7 - Jackson HS 5
TOP OF THE 9TH
Shelby HS Rockets batting - Pitching for Jackson HS Swamp Bats : RHP Tom Taylor
Batting: RHB Jorge Pacheco 0-0: Ball
1-0: Ball
2-0: Ball
3-0: Base on Balls
Batting: RHB Craig Jensen 0-0: Sac Bunt - play at first, batter OUT! 5-3
Jorge Pacheco to second
Batting: RHB Javier Concepción 0-0: Ball
1-0: Called Strike
1-1: Swinging Strike
1-2: Strikes out looking
Pitching: LHP Jeff Holman
Batting: RHB Robbie Weatherdon 0-0: Called Strike
0-1: Foul Ball, location: 2F
0-2: Ball
1-2: Ball
2-2: Foul Ball, location: 2F
2-2: Strikes out swinging
Top of the 9th over - 0 run(s), 0 hit(s), 0 error(s), 1 left on base; Shelby HS 7 - Jackson HS 5
BOTTOM OF THE 9TH
Jackson HS Swamp Bats batting - Pitching for Shelby HS Rockets : RHP Michael Hutchins
Pitching: LHP Dave Bassett
Batting: RHB Anthony O'Bryan 0-0: Ball
1-0: Ball
2-0: Ball
3-0: Base on Balls
Batting: RHB Rafael Barrios 0-0: Ball
1-0: Foul Ball, location: 2F
1-1: Foul Ball, location: 2F
1-2: Foul Ball, location: 2F
1-2: Ball
2-2: Fly out, F8 (Flyball, 8LM)
Batting: RHB Brendon Bachman 0-0: Foul Ball, location: 2F
0-1: Foul Ball, location: 2F
0-2: Strikes out swinging
Batting: RHB Ken Case 0-0: Called Strike
0-1: Ball
1-1: Ball
2-1: Foul Ball, location: 2F
2-2: Ball
3-2: Foul Ball, location: 2F
3-2: Base on Balls
Anthony O'Bryan to second
Batting: RHB Dan Crowder 0-0: SINGLE (Groundball, 25) (infield hit)
Anthony O'Bryan to third
Ken Case to second
Batting: RHB Brandon Davis 0-0: Ball
1-0: Foul Ball, location: 2F
1-1: GRAND SLAM HOME RUN (Line Drive, 9LD), Distance : 371 ft
Thursday, March 30th, 2017 - OOTP Baseball 17.12 Build 75